 Dungeon Crawl Stone Soup version 0.29-a0-923-g6e406bff71 (webtiles) character file.

Game seed: 12277938653106026325

2 ptdevnull the Shooter (level 1, 12/12 HPs)
             Began as a Kobold Hunter on July 27, 2022.
             Was a Follower of Kikubaaqudgha.
             Quit the game on level 1 of the Dungeon.
             The game lasted 00:00:35 (92 turns).

ptdevnull the Shooter (Kobold Hunter)                 Turns: 92, Time: 00:00:35

Health: 12/12      AC:  3    Str:  8    XL:     1   Next: 33%
Magic:  1/1        EV: 14    Int: 10    God:    Kikubaaqudgha [*.....]
Gold:   17         SH:  0    Dex: 18    Spells: 0/0 levels left

rFire   . . .      SeeInvis .   a - +0 shortbow
rCold   . . .      Faith    .   (shield currently unavailable)
rNeg    . . .      Spirit   .   c - +0 leather armour
rPois   .          Reflect  .   (no helmet)
rElec   .          Harm     .   (no cloak)
rCorr   .          Rampage  .   (no gloves)
Will    .....                   (no boots)
Stlth   +++.......              (no amulet)
HPRegen 0.04/turn               (no ring)
MPRegen 0.07/turn               (no ring)

@: no status effects
A: small, no large weapons, nightstalker 3
a: Renounce Religion, Unearth Wretches


You were on level 1 of the Dungeon.
You worshipped Kikubaaqudgha.
Kikubaaqudgha was aware of your devotion.
You visited 1 branch of the dungeon, and saw 1 of its levels.

You collected 17 gold pieces.

Inventory:

Hand Weapons
 a - a +0 shortbow (weapon)
Armour
 c - a +0 leather armour (worn)
Jewellery
 d - a +6 ring of dexterity
Scrolls
 b - a scroll of immolation


   Skills:
 + Level 2.2 Fighting
 * Level 5.3 Ranged Weapons
 + Level 2.4 Dodging
 + Level 1.4 Stealth


You couldn't memorise any spells.
You didn't know any spells.
Your spell library contained the following spells:

 Spells                   Type           Power      Damage    Failure   Level
 Necrotise                Necr           0%         1d4       50%         1
 Vampiric Draining        Necr           0%         2d6       86%         3
 Anguish                  Hex/Necr       0%         N/A       99%         4
 Animate Dead             Necr           0%         N/A       99%         4


Dungeon Overview and Level Annotations

Branches:
Dungeon (1/15)

Altars:
Kikubaaqudgha


Innate Abilities, Weirdness & Mutations

You are small and have problems with some larger weapons.
You are completely attuned to the shadows.


Message History

Welcome, ptdevnull the Kobold Hunter.
The Orb of Zot is coveted for many reasons.
Will you seize it for your own?
Press ? for a list of commands and other information.
Found 7 gold pieces.
Found a staircase leading out of the dungeon.
You now have 7 gold pieces.
You open the door.
There is an open door here.
A frilled lizard comes into view.
You shoot an arrow. The arrow hits the frilled lizard.
The frilled lizard hisses angrily.
The frilled lizard is heavily wounded.
You shoot an arrow.
The arrow closely misses the frilled lizard.
You shoot an arrow. The arrow misses the frilled lizard.
You shoot an arrow. The arrow hits the frilled lizard.
You kill the frilled lizard!
No target in view!
An endoplasm comes into view.
You shoot an arrow. The arrow hits the endoplasm!
You kill the endoplasm!
No target in view!
No target in view!
Found a spear.
You see here a +0 spear.
Found a faded altar of an unknown god.
You now have 17 gold pieces (gained 10).
Found a blackened granite ring.
There is a faded altar of an unknown god here.
You cannot tell which god this altar belongs to.
Convert to them anyway?
Okay, then.
d - a +6 ring of dexterity
There is a faded altar of an unknown god here.
You cannot tell which god this altar belongs to.
Convert to them anyway?
Kikubaaqudgha accepts your prayer! Kikubaaqudgha welcomes you!
You can now bring forth the wretched and dying.
Kikubaaqudgha grants you a gift!
You add the spells Necrotise, Vampiric Draining, Anguish and Animate Dead to your library.
Are you sure you want to abandon this character and quit the game? (Confirm with "yes".)

#..# ..#
.......#
#+#
#.##.##..#
#.###
#.#...#..#
##....
#...@....#
##..##.
#.#...#.##
#..+###
#.##.##.#
#.##...
#.......#
#.#....
###.###.#
#.#..<.
#.....#
#.#....
#####.#
#.##...
#.#
#.#####
#.# #.#


There were no monsters in sight!

Vanquished Creatures
  An endoplasm (D:1)
  A frilled lizard (D:1)
2 creatures vanquished.

Notes
Turn   | Place    | Note
-------+----------+-------------------------------------------
     0 | D:1      | ptdevnull the Kobold Hunter began the quest for the Orb.
     0 | D:1      | Reached XP level 1. HP: 12/12 MP: 1/1
    77 | D:1      | Found a faded altar of an unknown god.
    91 | D:1      | Prayed at the altar of an unknown god.
    91 | D:1      | Became a worshipper of Kikubaaqudgha
    91 | D:1      | Reached * piety under Kikubaaqudgha
    91 | D:1      | Received a gift from Kikubaaqudgha
    92 | D:1      | Quit the game

Illustrated notes

Levels and vault maps discovered:
D:1:      noname_arrival_rooms_in_the_neighbourhood, layout_basic,
          ebering_ecumenical_altar_box

Action                   || total
-------------------------++-------
 Fire: Shortbow          ||     5

Table legend: (Time is in decaauts)
 A = Elapsed time spent in this place.
 B = Non-inter-level travel time spent in this place.
 C = Inter-level travel time spent in this place.
 D = Time resting spent in this place.
 E = Time spent auto-exploring this place.
 F = Levels seen in this place.
 G = Mean time per level.
                   A        B        C        D        E       F      G
               +--------+--------+--------+--------+--------+-----+--------+
         Total |     93 |     93 |      0 |      0 |     69 |   1 |   93.0 |
       Dungeon |     93 |     93 |      0 |      0 |     69 |   1 |   93.0 |
               +--------+--------+--------+--------+--------+-----+--------+

Top non-repeatable levels by time:
     D:1: 93 daAuts
